[ AOE2 MATCH · #507283014 ]
UnrankedJapanese vs Franks
Player's team · WIN
Rival team · LOSS
[ REPLAY ANALYSIS · EXTRACTED FROM THE RECORDED GAME ]
Feudal
10:43
Castle
—
Imperial
—
| APM avg | 21.6 |
| APM peak | 39 |
| eAPM avg | 12.1 |
| Villagers / military | 22 / 5 |
Focus
⚔️ 13.3% · 🌾 86.7%
Militia ×5
Feudal
8:52
Castle
—
Imperial
—
| APM avg | 58.1 |
| APM peak | 96 |
| eAPM avg | 18.8 |
| Villagers / military | 26 / 2 |
Focus
⚔️ 24.3% · 🌾 75.7%
Militia ×2
Match map
Initial resources + every placement click. Lines = walls · curves = elevation contours. ◆ gold · ⬟ stone · ● berries · ✦ relic · ◌ wall gap
Your base
traksby's base
Smoothed initial terrain · ◌ = detected wall gap · hover for details
Inputs per minute
— andySSJ7917 - - traksby
Build order — andySSJ7917
36 actions detected in the replay
| 0:01 | Queue | Villager (Male) ×4 |
| 0:04 | Build | House |
| 0:06 | Build | House |
| 0:41 | Build | Lumber Camp |
| 2:02 | Queue | Villager (Male) |
| 2:40 | Build | Mill |
| 2:44 | Queue | Villager (Male) |
| 2:45 | Queue | Villager (Male) |
| 3:10 | Queue | Villager (Male) |
| 3:10 | Queue | Villager (Male) |
| 3:42 | Queue | Villager (Male) |
| 3:42 | Queue | Villager (Male) |
| 3:58 | Queue | Villager (Male) |
| 4:32 | Queue | Villager (Male) |
| 4:39 | Build | Barracks |
| 5:08 | Queue | Villager (Male) |
| 5:08 | Queue | Villager (Male) |
| 5:12 | Build | House |
| 5:30 | Queue | Villager (Male) |
| 6:04 | Build | Mining Camp |
| 6:09 | Build | Mining Camp |
| 6:15 | Queue | Villager (Male) |
| 6:15 | Queue | Villager (Male) |
| 6:39 | Queue | Militia |
| 6:39 | Queue | Militia |
| 6:47 | Queue | Militia |
| 7:02 | Build | House |
| 7:07 | Queue | Militia |
| 7:13 | Queue | Villager (Male) |
| 7:36 | Queue | Villager (Male) |
| 7:37 | Queue | Militia |
| 7:58 | Build | Mill |
| 8:33 | Research | Feudal Age |
| 9:43 | Queue | Villager (Male) |
| 9:44 | Queue | Villager (Male) |
| 10:43 | Age | Feudal Age |
Build order — traksby
51 actions detected in the replay
| 0:00 | Queue | Villager (Male) |
| 0:00 | Queue | Villager (Male) |
| 0:01 | Queue | Villager (Male) |
| 0:02 | Build | House |
| 0:03 | Build | House |
| 0:26 | Queue | Villager (Male) |
| 0:26 | Queue | Villager (Male) |
| 1:23 | Queue | Villager (Male) |
| 2:04 | Queue | Villager (Male) |
| 2:19 | Queue | Villager (Male) |
| 2:20 | Queue | Villager (Male) |
| 2:26 | Build | Lumber Camp |
| 2:48 | Queue | Villager (Male) |
| 3:23 | Queue | Villager (Male) |
| 3:23 | Queue | Villager (Male) |
| 3:37 | Queue | Villager (Male) |
| 3:53 | Build | House |
| 3:54 | Build | House |
| 4:19 | Queue | Villager (Male) |
| 4:19 | Queue | Villager (Male) |
| 4:42 | Queue | Villager (Male) |
| 4:42 | Queue | Villager (Male) |
| 4:42 | Queue | Villager (Male) |
| 4:43 | Queue | Villager (Male) |
| 4:54 | Build | Mill |
| 6:06 | Research | Loom |
| 6:42 | Research | Feudal Age |
| 7:33 | Build | Barracks |
| 7:56 | Build | Palisade Wall |
| 8:28 | Queue | Militia |
| 8:30 | Queue | Villager (Male) |
| 8:30 | Queue | Villager (Male) |
| 8:43 | Build | Palisade Wall |
| 8:46 | Build | House |
| 8:47 | Build | Palisade Wall |
| 8:52 | Age | Feudal Age |
| 9:25 | Build | Mining Camp |
| 9:49 | Build | Palisade Wall |
| 9:51 | Build | Palisade Wall |
| 10:01 | Queue | Villager (Male) |
| 10:01 | Queue | Villager (Male) |
| 10:01 | Queue | Villager (Male) |
| 10:03 | Build | Farm |
| 10:06 | Build | Farm |
| 10:17 | Queue | Militia |
| 10:20 | Queue | Villager (Male) |
| 10:30 | Build | Farm |
| 10:40 | Build | Palisade Wall |
| 10:46 | Queue | Villager (Male) |
| 10:49 | Build | Farm |
| 10:53 | Build | Palisade Wall |
Match timeline
| 4:39 | andySSJ7917 · first_building Barracks |
| 7:33 | traksby · first_building Barracks |
| 7:56 | traksby · wall_segment Palisade Wall x12 |
| 8:43 | traksby · wall_segment Palisade Wall x1 |
| 8:47 | traksby · wall_segment Palisade Wall x1 |
| 8:52 | traksby · age_up feudal |
| 9:49 | traksby · wall_segment Palisade Wall x1 |
| 9:51 | traksby · wall_segment Palisade Wall x1 |
| 10:40 | traksby · wall_segment Palisade Wall x1 |
| 10:43 | andySSJ7917 · age_up feudal |
| 10:53 | traksby · wall_segment Palisade Wall x1 |
| 11:26 | traksby · resign |
[ AI ANALYSIS · 1 CREDIT ]
What really happened in this match?
Wolo.gg analyzes every decision: build order, eco, micro, common mistakes by bracket. Personalized analysis on WhatsApp or Discord in 30 seconds.
Civ guide
Japanese
Perfil
Jugador #21187218